Map: Ruins of Seras

Players

wabbajack - Winner!

  • Race: Zerg Zerg
  • League: Grandmaster

Dyna

  • Race: Zerg Zerg
  • League: Bronze

VOD

Have the link to the VOD?

Description

Time

  • Played on: July 14, 2015, 11:57 a.m.
  • Length: 12:58
Show
View Real Time Build Order
Export as new Build Order

wabbajack Zerg - Winner!

Build Orders: Pool First, Lurkers 

Get SALT Encoding   

  12  0:04  Drone  
  13  0:09  Extractor  
  12  0:27  Spawning Pool  
  11  0:29  Drone  
  12  0:40  Overlord  
  12  1:18  Zergling x2  
  12  1:19  Zergling x4  
  12  1:21  Metabolic Boost  
  12  1:25  Queen  
  17  1:34  Zergling x2  
  18  1:54  Zergling x2  
  18  1:55  Zergling x2  
  20  2:07  Overlord  
  20  2:31  Hatchery  
  20  2:32  Drone x2  
  20  2:37  Drone x2  
  22  2:39  Drone  
  20  3:12  Spine Crawler  
  19  3:18  Spine Crawler, Zergling x6  
  19  3:19  Zergling x2  
  22  3:20  Zergling x2  
  22  3:27  Overlord  
  23  3:32  Drone  
  24  3:50  Roach Warren  
  24  3:52  Drone  
  24  3:57  Drone  
  25  4:03  Drone  
  26  4:12  Drone  
  26  4:15  Drone  
  28  4:23  Queen  
  30  4:48  Drone x4  
  30  4:50  Drone x2  
  30  4:51  Drone  
  37  5:02  Baneling Nest, Drone  
  37  5:18  Overlord  
  37  5:19  Overlord  
  37  5:28  Roach  
  39  5:29  Roach x2  
  43  5:38  Roach x4  
  51  5:47  Overlord  
  51  5:49  Roach  
  55  5:50  Roach  
  55  5:53  Roach  
  55  5:56  Roach  
  59  6:01  Overlord  
  59  6:07  Lair  
  59  6:13  Evolution Chamber  
  59  6:15  Extractor  
  57  6:31  Queen  
  59  6:44  Hatchery, Zerg Ground Armor Level 1  
  58  6:51  Baneling  
  43  7:35  Spore Crawler  
  43  7:36  Spore Crawler  
  41  7:37  Overseer  
  41  7:43  Drone x6  
  47  7:45  Drone  
  47  7:46  Drone x3  
  47  7:48  Drone x2  
  47  7:49  Drone x6  
  59  7:59  Hydralisk Den  
  59  8:01  Queen  
  60  8:10  Burrow  
  60  8:14  Queen  
  60  8:15  Lurker Den  
  62  8:29  Extractor  
  62  8:34  Drone x3  
  62  8:35  Extractor  
  62  8:36  Drone x3  
  66  9:15  Evolution Chamber, Zerg Ground Armor Level 2  
  65  9:18  Glial Reconstitution  
  65  9:27  Drone  
  65  9:28  Drone x17, Extractor  
  82  9:39  Overlord x4  
  82  9:42  Zerg Missile Weapons Level 1  
  82  9:44  Extractor  
  81  9:49  Infestation Pit  
  81  10:00  Drone x4  
  81  10:01  Hydralisk  
  81  10:02  Hydralisk x2  
  81  10:03  Hydralisk  
  92  10:20  Muscular Augments  
  92  10:21  Roach x7  
  92  10:24  Overlord x2  
  92  10:25  Hydralisk x4  
  92  10:26  Hydralisk  
  92  10:28  Roach x7  
  102  10:34  Hive  
  102  10:36  Roach x2  
  106  10:51  Lurker  
  106  10:52  Lurker x2  
  109  11:00  Overlord x3  
  109  11:03  Hydralisk x2, Roach  
  109  11:04  Roach x4  
  123  11:20  Spire  
  122  11:42  Hatchery  
  122  11:45  Hatchery  
  120  12:07  Hydralisk x4, Roach  
  120  12:08  Hydralisk x4, Roach x6  
  142  12:09  Roach  
  142  12:11  Overlord x3  
  150  12:29  Extractor  
  145  12:32  Extractor  
  145  12:33  Extractor  
  135  12:49  Lurker x4  
Show
View Real Time Build Order
Export as new Build Order

Dyna Zerg 

Build Orders: Pool First 

Get SALT Encoding   

  12  0:19  Spawning Pool  
  11  0:22  Drone  
  11  0:27  Drone  
  13  0:30  Drone  
  14  0:40  Drone, Extractor  
  14  0:54  Overlord  
  14  1:12  Queen  
  14  1:13  Drone  
  14  1:14  Drone  
  18  1:20  Drone  
  19  1:29  Overlord  
  19  1:37  Drone  
  19  1:38  Baneling Nest  
  19  2:04  Hatchery  
  18  2:10  Metabolic Boost  
  18  2:15  Drone  
  19  2:27  Zergling x4  
  19  2:29  Zergling x2  
  22  2:37  Zergling x2  
  23  2:46  Baneling  
  23  2:47  Baneling  
  23  2:50  Zergling x6  
  25  3:13  Drone x4  
  29  3:25  Hatchery  
  29  3:26  Drone  
  29  3:33  Overlord  
  29  3:35  Baneling  
  29  3:51  Overlord x2  
  29  3:56  Drone  
  30  4:03  Drone  
  30  4:06  Drone x2  
  30  4:07  Roach Warren  
  32  4:23  Zergling x2  
  33  4:25  Drone  
  33  4:27  Zergling x6  
  33  4:30  Burrow  
  37  4:32  Extractor  
  37  4:37  Queen  
  38  4:40  Drone  
  39  4:52  Drone  
  39  5:08  Drone  
  39  5:10  Baneling  
  39  5:12  Queen  
  42  5:16  Drone x2  
  42  5:18  Drone  
  42  5:19  Overlord  
  45  5:26  Evolution Chamber  
  44  5:29  Drone x5  
  44  5:30  Evolution Chamber  
  48  5:44  Drone x6  
  54  6:01  Zerg Missile Weapons Level 1  
  54  6:02  Zerg Ground Armor Level 1  
  54  6:04  Lair  
  54  6:16  Extractor  
  54  6:17  Roach x6, Extractor  
  64  6:37  Queen  
  64  6:40  Drone x4  
  64  6:43  Overlord x2  
  64  6:44  Overlord  
  68  6:54  Roach x4  
  60  7:06  Roach x10  
  73  7:09  Roach x4  
  72  7:16  Drone  
  67  7:23  Drone x10  
  67  7:26  Roach x6  
  78  7:37  Drone  
  79  7:44  Drone  
  79  7:45  Queen  
  79  7:46  Overseer  
  82  8:01  Hydralisk Den  
  82  8:05  Overseer  
  81  8:16  Overseer  
  81  8:20  Queen  
  83  8:28  Drone x6  
  83  8:32  Hatchery  
  88  8:55  Tunneling Claws  
  88  8:56  Zerg Missile Weapons Level 2  
  88  8:58  Zerg Ground Armor Level 2  
  88  9:02  Drone x4  
  92  9:05  Overlord  
  92  9:07  Roach x20  
  92  9:23  Hydralisk  
  92  9:24  Hydralisk x3  
  100  9:36  Muscular Augments  
  100  9:41  Infestation Pit  
  100  9:42  Drone  
  100  9:44  Drone x6  
  106  10:02  Overlord x3  
  106  10:18  Glial Reconstitution  
  106  10:38  Drone x3, Extractor  
  106  10:40  Drone x7  
  115  10:45  Extractor  
  114  10:52  Drone  
  114  10:57  Drone, Spine Crawler  
  115  11:05  Hive  
  115  11:06  Pathogen Glands  
  115  11:08  Hydralisk x7  
  115  11:11  Overlord x3  
  129  11:32  Hatchery  
  128  11:37  Roach x7  
  128  11:38  Roach x4  
  150  11:46  Infestor x2  
  154  11:56  Overlord  
  154  11:57  Overlord x4  
Tags
 
Add a new tag
Caveats
  • Supply blocks, unpowered buildings, or Contaminate may cause inaccurate times.
  • Supply counts are checked every 10 seconds.